AoeStats
← ribbly

Arabia

504815997Analyzed
1v1 RM · 24d ago on Sep 6, 2026· 27m 0s· 2 players
Game mode
Random Map
Map size
Tiny (2 player)
Population
200
Speed
Normal
Resources
Standard
Victory
Conquest
Starting age
Dark Age
Ending age
Imperial Age
RankedLock teamsTeams togetherTeam positionsShared explorationLock speedFull tech treeHidden civsTurbo modeCheats
Victory
Defeat
🇨🇱 Sicilians · Chile
767
+15
🇪🇸 Spanish · Spain
747
-15
ribbly
7:19 Loom
11:14 Feudal Age
19:15 Gold Mining
20:18 Forging
20:17 Scale Barding Armor
20:27 Bloodlines
Hindues
8:00 Loom
10:14 Feudal Age
Connection lost

Rejoining the realm…

Still unreachable

The connection could not be restored.

Session expired

The server has moved on; the page needs a fresh start.